[Event "Warsaw Chess Open-B 2022"]
[Site "Warsaw"]
[Date "2022.07.19"]
[Round "2.1"]
[White "Dropia, Rafal"]
[Black "Kaczmarska, Joanna"]
[Result "0-1"]
[ECO "A45"]
[WhiteElo "1624"]
[BlackElo "1965"]
[Annotator "TA"]
[PlyCount "80"]
[EventDate "2022.07.18"]
[EventType "swiss"]
[EventCountry "POL"]
[SourceTitle "playchess.com"]
[Source "ChessBase"]
[SourceQuality "1"]
[TimeControl "40/5400+30:1800+30"]

1. d4 Nf6 2. Nc3 d5 3. Bf4 a6 4. e3 e6 5. Bd3 c5 6. Nf3 {[%emt 0:00:34] D00: 1 d4 d5: Unusual lines.} c4 7. Be2 Bb4 8. Nd2 {[%emt 0:06:38] The position is equal.} Bxc3 9. bxc3 Qa5 {[%emt 0:00:20] [#]} 10. g4 $146 (10. Bd6 $11) ({Predecessor:} 10. O-O Qxc3 11. Bd6 Nc6 12. Rb1 Qa5 13. e4 Qd8 14. e5 Nxd4 15. Bc5 Nxe2+ 16. Qxe2 {½-½ (67) Zegarac,V (1819)-Lozajic,M (1844) Subotica 2014}) 10... Qxc3 $15 {[%emt 0:01:06] Hoping for ...Ne4.} 11. f3 {[%emt 0:01:53] Against Ne4} (11. Kf1 $15) 11... Nc6 $17 12. Kf2 h5 13. g5 Ng8 {[%emt 0:04:39] Black is more active.} 14. h4 Nge7 15. Nf1 Bd7 16. Ng3 f6 17. gxf6 gxf6 18. Bd6 O-O-O 19. Rb1 Be8 20. Bc5 {[%emt 0:00:34] [#]} Bg6 $1 21. Rc1 (21. Qc1 $17 {is a better defense.} Nf5 22. Nxf5 Bxf5 23. Qb2 Qxb2 24. Rxb2) 21... Nf5 $19 22. Nxf5 Bxf5 23. Rg1 (23. Qe1 $142 Qb2 24. Qd2) 23... Rhg8 24. f4 Bg4 25. Bxg4 hxg4 ({Better is} 25... Rxg4 $19 26. Rxg4 hxg4) 26. Qe2 f5 {[%emt 0:01:15] Strongly threatening ...Qa5.} 27. Rb1 $2 {[%emt 0:02:04] This move loses the game for White.} (27. Qe1 $17 {was worth a try.} Qxe1+ 28. Rgxe1) 27... Rd7 28. Kg3 Rh7 29. Rb6 Rgh8 {[%emt 0:00:29] Chess con chili.} 30. Rh1 Qa5 {[%emt 0:00:50] Threatens to win with ...Rh6.} 31. a3 (31. Qd1 {might work better.}) 31... Qa4 (31... Rh6 $142 {...Nb8 is the strong threat.} 32. Rbb1 Qd8) 32. Qd2 Nd8 33. Rh2 (33. Bd6 $142) 33... Qd7 34. Qc3 $2 {[%emt 0:03:01] [#]} (34. Rd6 Qe8 35. Qa5) 34... Rxh4 $3 {[%emt 0:04:39][%mdl 512] Black is clearly winning.} 35. Rxh4 Rxh4 36. Kxh4 Qh7+ 37. Kg3 Qh3+ 38. Kf2 g3+ 39. Ke2 Qh2+ 40. Kd1 g2 {[%emt 0:00:21] Weighted Error Value: White=0.84/Black=0.23 (precise)} 0-1

[Event "Warsaw Chess Open-B 2022"]
[Site "Warsaw"]
[Date "2022.07.19"]
[Round "2.2"]
[White "Zalucka, Emilia"]
[Black "Kowalczyk, Adam"]
[Result "0-1"]
[ECO "B21"]
[WhiteElo "1583"]
[BlackElo "1944"]
[Annotator "TA"]
[PlyCount "112"]
[EventDate "2022.07.18"]
[EventType "swiss"]
[EventCountry "POL"]
[SourceTitle "playchess.com"]
[Source "ChessBase"]
[SourceQuality "1"]
[TimeControl "40/5400+30:1800+30"]

1. e4 c5 2. f4 d5 3. Bb5+ Nc6 4. Bxc6+ bxc6 5. d3 dxe4 6. dxe4 Qb6 (6... Qxd1+ $11 7. Kxd1 g6) 7. Qf3 (7. Nf3 $14) 7... Nf6 8. h3 {[%emt 0:03:33] White has an edge.} Ba6 9. Ne2 c4 10. Nbc3 e6 $1 11. a3 Bc5 12. g4 h6 13. Kf1 Be7 14. Qe3 c5 ({But not} 14... Bc5 15. Qf3 $14) 15. Kf2 Rd8 16. a4 Bb7 17. Rg1 Bc6 {[%emt 0:01:11] 0x0.001f20f580ebdp-1022s more active pieces.} 18. a5 (18. Re1 $15) 18... Qb8 (18... Qb7 $142 19. a6 Qb8) 19. Ng3 $17 a6 20. Rd1 $2 {[%emt 0:07:55] [#] Now White is beyond hope.} (20. Re1 $15) 20... Rxd1 $19 21. Nxd1 h5 22. g5 h4 23. Ne2 Nxe4+ 24. Kg1 e5 25. Ndc3 exf4 26. Qf3 Qb7 ({Wrong is} 26... Bxg5 $2 27. Nxe4 Qe5 28. Bxf4 (28. N2c3 $2 f5 $19) 28... Bxe4 29. Bxe5 $19) 27. Nxe4 Bxe4 28. Qxf4 Bxc2 {[%emt 0:05:40] A strong pair of Bishops.} 29. Qxc4 Bb3 30. Qc3 O-O 31. Bd2 Rd8 32. Re1 $2 (32. Rf1) 32... Qd5 33. Bc1 Bxg5 34. Nf4 Bxf4 35. Bxf4 Qd4+ 36. Be3 $2 (36. Qxd4 {was worth a try.} cxd4 37. Re7) 36... Qxc3 37. bxc3 {[%emt 0:00:21][%mdl 4096] Endgame KRB-KRB} Rd3 38. Bxc5 Rxc3 39. Re8+ Kh7 40. Bd4 $2 (40. Bf2) 40... Rxh3 41. Re4 Be6 {[%emt 0:31:14] Prevents Rg4.} 42. Re5 Kg6 43. Bf2 Kh6 (43... Kf6 $142 44. Bd4 Rd3) 44. Kg2 (44. Be3+ $142 Kg6 45. Bf2) 44... Rd3 45. Bxh4 Rd2+ 46. Kg3 {[%emt 0:00:28] Black is clearly better.} Rd4 {[%emt 0:00:16] [#] Strongly threatening ...Rg4+.} 47. Bg5+ Kg6 {[%emt 0:00:07] Hoping for ...Rg4+.} 48. Bf4 Bf5 49. Rc5 f6 50. Be3 Rg4+ 51. Kf3 Ra4 52. Kf2 Bd3 53. Rd5 Bc4 54. Rc5 Ra2+ 55. Kf3 Bb5 56. Bf4 Rxa5 {[%emt 0:00:14] Weighted Error Value: White=0.37/Black=0.25 (precise)} 0-1

[Event "Warsaw Chess Open-B 2022"]
[Site "Warsaw"]
[Date "2022.07.19"]
[Round "2.3"]
[White "Smykalo, Severyn"]
[Black "Shved, Dmytro"]
[Result "1/2-1/2"]
[ECO "E04"]
[WhiteElo "1921"]
[BlackElo "1579"]
[Annotator "TA"]
[PlyCount "51"]
[EventDate "2022.07.18"]
[EventType "swiss"]
[EventCountry "POL"]
[SourceTitle "playchess.com"]
[Source "ChessBase"]
[SourceQuality "1"]
[TimeControl "40/5400+30:1800+30"]

1. d4 Nf6 2. c4 e6 3. g3 d5 4. Nf3 dxc4 5. Bg2 c5 6. Qa4+ Bd7 $1 {[%emt 0:00:48][%cal Bc8d7,Bd7c6,Bc6e4][%mdl 32] 6...Bd7 scores better than 6...Nc6. E04: Open Catalan: 5 Nf3.} 7. Qxc4 b5 8. Qc2 Bc6 9. dxc5 Nbd7 10. O-O ({Of course not} 10. b4 a5 $15) 10... Bxc5 {[%emt 0:09:39] [#]} (10... Be4 $5 11. Qb3 a6 $11) 11. b4 $146 ({Predecessor:} 11. Be3 Be4 12. Qb3 Bd5 13. Qxb5 Bxe3 14. fxe3 Rb8 15. Qd3 Rxb2 16. Nc3 Ba8 17. e4 {0-1 (27) Pelts,P (2245)-Karklins,A (2300) Illinois 1988}) 11... Be4 12. Qb2 Bb6 13. Nc3 Bc6 14. Bf4 Qe7 (14... O-O $11) 15. Ne5 (15. Rad1 $16) 15... Bxg2 $1 $11 16. Kxg2 {[%emt 0:00:41] [#] Threatens to win with Nc6.} Nxe5 (16... Nh5 $1 $11 {remains equal.}) 17. Bxe5 $16 a6 18. a4 bxa4 19. Nxa4 Bc7 {[%emt 0:01:01] [#]} (19... Bd8 $16 {was worth a try.} 20. Rfc1 O-O) 20. Nc5 $2 (20. Qc2 $1 $18 Bxe5 21. Qc6+ Nd7 22. Qxa8+ Qd8 23. Qxd8+ (23. Qxa6 Bxa1 24. Rxa1 Ke7 $16) 23... Kxd8 24. Ra2) 20... Bxe5 $1 $14 21. Qxe5 {[%emt 0:00:03] Strongly threatening b5.} O-O 22. f3 {[%emt 0:00:57] 0x0.0002de0997c5dp-1022s more active pieces. The black rooks are badly placed.} (22. Rfd1 $16) 22... Nd5 $11 {[%emt 0:04:04] The position is equal.} 23. Ra4 a5 24. Rfa1 Nxb4 25. Nb3 ({Wrong is} 25. Rxa5 $2 Nc6 26. Qc3 Nxa5 27. Rxa5 Rxa5 28. Qxa5 Qg5 $19) 25... Nd5 26. Nxa5 {[%emt 0:01:38] Weighted Error Value: White=0.49/Black=0.22 (precise)} 1/2-1/2

[Event "Warsaw Chess Open-B 2022"]
[Site "Warsaw"]
[Date "2022.07.19"]
[Round "2.4"]
[White "Arciszewska, Zuzanna"]
[Black "Kaminski, Maciej"]
[Result "1-0"]
[ECO "E98"]
[WhiteElo "1574"]
[BlackElo "1918"]
[Annotator "TA"]
[PlyCount "71"]
[EventDate "2022.07.18"]
[EventType "swiss"]
[EventCountry "POL"]
[SourceTitle "playchess.com"]
[Source "ChessBase"]
[SourceQuality "1"]
[TimeControl "40/5400+30:1800+30"]

1. d4 Nf6 2. Nf3 g6 3. c4 Bg7 4. Nc3 O-O 5. e4 d6 6. Be2 e5 7. O-O Nc6 8. d5 Ne7 9. Ne1 Nd7 10. Nd3 f5 11. Rb1 {[%emt 0:03:33] [#] E98: King's Indian: Classical Main Line: 9 Ne1.} c5 $146 (11... fxe4 $11 12. Nxe4 Nf6 13. Nxf6+ Bxf6) ({Predecessor:} 11... Nf6 12. f3 f4 13. b4 g5 14. c5 Rf7 15. Bd2 Bf8 16. Nf2 h5 17. h3 Rg7 18. Be1 Ng6 19. cxd6 Bxd6 {1-0 (61) Rohde,W (2185)-Koenig,F (1949) Berlin 2012}) 12. dxc6 bxc6 13. Nb4 ({Better is} 13. c5 $1 $14 d5 14. exd5 cxd5 15. Bg5) 13... Qc7 14. Bg5 Nf6 ({Black should try} 14... Bf6 $11 15. Bh6 Rf7) 15. c5 $1 $14 dxc5 16. Nd3 $36 {[%emt 0:00:39][%mdl 2048] White has the initiative.} Qd6 17. Be3 f4 $2 {[%emt 0:21:02] This move loses the game for Black.} ({Black should play} 17... fxe4 $14 18. Bxc5 (18. Nxc5 Ned5 $11) 18... Qe6) 18. Bxc5 $18 Qe6 19. Qb3 Re8 20. Nxe5 {[%emt 0:05:15] Black must now prevent Bc4.} (20. Qxe6+ $6 Bxe6 21. Nb4 (21. Nxe5 Nxe4 22. Nxe4 Bxe5 $11) 21... Nd7) 20... Qxb3 21. axb3 {[%emt 0:00:10] And now Bc4+ would win.} Nxe4 $2 {[%emt 0:00:27] [#]} (21... Be6 22. Bxe7 (22. Bc4 Bxc4 23. Nxc4 Nd7 $16) 22... Rxe7 23. Nxc6 Ree8) 22. Bc4+ $1 (22. Nxe4 Bxe5 23. Bc4+ Nd5 $16) 22... Kf8 23. Nxg6+ ({Resist} 23. Nxe4 Bxe5 24. Rbe1 Bf5 $18) 23... hxg6 24. Nxe4 Bf5 25. Rbe1 Be5 (25... Rad8 {was necessary.} 26. Nd6 Bd4 27. Bxd4 Rxd6) 26. Ng5 Bf6 27. Ne6+ Bxe6 (27... Kf7 $142 28. Nc7+ Nd5) 28. Rxe6 ({Not} 28. Bxe6 Kg7 29. Re4 g5 $16) 28... Kg7 29. Rfe1 Red8 30. Bxe7 Bxe7 31. Rxe7+ Kf6 32. h4 {[%emt 0:00:25][%csl Gc4][%cal Re7f7] [#]} Kf5 33. R1e5+ {[%emt 0:00:49] White mates.} Kf6 34. R5e6+ Kf5 35. Rf7+ Kg4 36. Rxg6+ {[%emt 0:01:17] Weighted Error Value: White=0.18 (very precise) /Black=0.82} 1-0

[Event "Warsaw Chess Open-B 2022"]
[Site "Warsaw"]
[Date "2022.07.19"]
[Round "2.5"]
[White "Pierzak, Rafael"]
[Black "Trybula, Agata"]
[Result "1/2-1/2"]
[ECO "A10"]
[WhiteElo "1909"]
[BlackElo "1568"]
[Annotator "TA"]
[PlyCount "37"]
[EventDate "2022.07.18"]
[EventType "swiss"]
[EventCountry "POL"]
[SourceTitle "playchess.com"]
[Source "ChessBase"]
[SourceQuality "1"]
[TimeControl "40/5400+30:1800+30"]

1. c4 d6 2. Nc3 Nf6 3. g3 e5 4. Bg2 c6 5. d3 Be7 6. Nf3 O-O 7. O-O Na6 8. a3 {[%emt 0:05:04] A22: English Opening: 1...e5 2 Nc3 Nf6.} Nc7 9. c5 Re8 10. cxd6 {[%emt 0:00:16] The position is equal.} Bxd6 11. Qc2 {[%emt 0:02:09] [#]} Ncd5 $146 ({Predecessor:} 11... h6 12. Rd1 Qe7 13. h3 Ncd5 14. e4 Nxc3 15. bxc3 Qc7 16. d4 Nh7 17. dxe5 Bxe5 18. Nxe5 Qxe5 {0-1 (67) Gunnarsson,A (2282)-Thorsteinsson,T (2332) Seltjarnarnes 2002}) 12. Nd2 Bf8 13. Nde4 Bf5 14. Bg5 h6 15. Bd2 Rc8 16. Qb3 b6 17. Nxd5 Nxd5 18. Rac1 Qd7 19. Nc3 {[%emt 0:02:28] Weighted Error Value: White=0.15 (very precise) /Black=0.09 (flawless)} 1/2-1/2

[Event "Warsaw Chess Open-B 2022"]
[Site "Warsaw"]
[Date "2022.07.19"]
[Round "2.6"]
[White "Gaszka, Zuzanna"]
[Black "Radecki, Wojciech"]
[Result "0-1"]
[ECO "C50"]
[WhiteElo "1553"]
[BlackElo "1907"]
[Annotator "TA"]
[PlyCount "140"]
[EventDate "2022.07.18"]
[EventType "swiss"]
[EventCountry "POL"]
[SourceTitle "playchess.com"]
[Source "ChessBase"]
[SourceQuality "1"]
[TimeControl "40/5400+30:1800+30"]

1. e4 e5 2. Nf3 Nc6 3. Bc4 d6 4. a4 Bg4 {[%emt 0:01:49] [#]} 5. c3 $146 ({Predecessor:} 5. d3 Nf6 6. c3 Na5 7. Ba2 c5 8. h3 Be6 9. Bg5 Be7 10. Nbd2 Qd7 11. Nf1 h6 12. Bxf6 Bxf6 {1-0 (42) Nagyova,D (1712)-Hammel,J (1650) Ceske Budejovice 2022}) 5... Qf6 6. Be2 {[%emt 0:02:15] C50: Hungarian Defence and Giuoco Pianissimo.} h6 7. d3 Nge7 8. O-O {[%emt 0:05:12] White is slightly better.} g5 9. b4 Ng6 10. b5 Nce7 11. Be3 Nf4 12. Nbd2 (12. Bxf4 $5 gxf4 13. Kh1 $11) 12... Neg6 13. d4 Rg8 14. c4 (14. a5 $14) 14... Be7 15. Re1 (15. d5 $1 $11) 15... Bh5 $15 16. Kh1 Nxe2 17. dxe5 {[%emt 0:06:26] [#]} dxe5 18. Qxe2 Nh4 ({Black should play} 18... Bb4 $15 19. Reb1 Bxd2 20. Bxd2 Bxf3 21. Qxf3 Qxf3 22. gxf3 Nh4) 19. c5 $11 O-O-O {[%emt 0:00:27][%cal Od8d2] Strongly threatening ...Rxd2!} 20. Rec1 {[%emt 0:05:42] [#] Black must now prevent b6.} c6 (20... Rxd2 $1 $11 21. Bxd2 Nxf3) 21. bxc6 Qxc6 22. Qb5 ({White must play} 22. a5 $1 $16 {[%cal Ra5a6] Hoping for a6.} Nxf3 23. Nxf3) 22... Nxf3 23. Qxc6+ (23. Nxf3 $11 Bxf3 24. gxf3) 23... bxc6 $15 24. Nxf3 f6 25. Rab1 Kc7 26. Bd2 Rb8 27. Ba5+ Kd7 28. Bb4 (28. Kg1 $17) 28... Rb7 (28... Ke6 $19 29. Nd2 Rgd8) 29. Ba3 (29. Ba5 $17 Rxb1 30. Rxb1) 29... Rgb8 30. Nd2 Kc8 (30... Rxb1 31. Rxb1 Rxb1+ 32. Nxb1 $17) 31. h3 (31. Rxb7 $17 {was necessary.} Rxb7 32. Kg1) 31... Bf7 (31... Rxb1 $19 32. Rxb1 Rxb1+ 33. Nxb1 Bd8) 32. Rxb7 $17 Rxb7 33. Rc3 Rd7 34. Nf3 (34. Nc4 $17) 34... Rd1+ ({And not} 34... Bg6 35. Re3) 35. Kh2 Bd8 36. Re3 Ba5 37. g4 Bc4 38. h4 Rd3 39. Bc1 Rd1 40. Ba3 Kd7 41. hxg5 hxg5 42. Bb2 Rd3 $2 (42... Ke6 $19 {...Bd3 is the strong threat.} 43. Kg3 Rd3) 43. Bc1 $2 {[%emt 0:00:48][%mdl 8192] This move loses the game for White.} (43. Bxe5 $1 $11 {and White is okay.} Rxe3 44. fxe3) 43... Rxe3 44. Bxe3 $19 {[%emt 0:00:16][%mdl 4096] Endgame KBB-KBN} Bd3 {[%emt 0:00:05] This bishop pair is nice.} 45. Nd2 $2 (45. Bxg5 {was worth a try.} Bxe4 46. Bd2) 45... Bxd2 46. Bxd2 Bxe4 {[%emt 0:00:04] KB-KB} 47. Kg3 Ke6 48. Ba5 {[%emt 0:01:38] [#]} (48. f3 $17 Bc2 49. Kf2) 48... Bc2 $1 49. Bd8 $2 (49. Kf3) 49... Bxa4 {[%emt 0:00:07] aiming for ...Bd1.} 50. Kf3 $2 (50. f3 Bc2 51. Kf2) 50... Bd1+ 51. Kg3 Kf7 52. Bb6 {[%emt 0:00:24] [#]} a6 $1 (52... axb6 $2 53. cxb6 Kg7 54. b7 $18) 53. Bd8 $2 (53. f3) 53... Kg6 54. Bc7 f5 55. gxf5+ Kxf5 56. Kg2 Be2 57. Kg3 g4 58. Kg2 Ke4 59. Bb6 Kd5 60. Kg3 Bf3 61. Bc7 e4 {[%emt 0:00:45] ( -> ...Kc4)} 62. Bb6 Kc4 63. Kf4 Kb5 64. Ke3 a5 65. Bc7 a4 66. Kd4 Kb4 {[%emt 0:00:15] Black mates.} 67. Bf4 a3 68. Bd2+ Kb3 69. Bc3 e3 70. fxe3 g3 {[%emt 0:00:09] Weighted Error Value: White=0.66/Black=0.34} 0-1

[Event "Warsaw Chess Open-B 2022"]
[Site "Warsaw"]
[Date "2022.07.19"]
[Round "2.7"]
[White "Posuniak, Weronika"]
[Black "Masalski, Pawel"]
[Result "1-0"]
[ECO "A33"]
[WhiteElo "1895"]
[BlackElo "1550"]
[Annotator "NA RC COMBH"]
[PlyCount "104"]
[EventDate "2022.07.18"]
[EventType "swiss"]
[EventCountry "POL"]
[SourceTitle "playchess.com"]
[Source "ChessBase"]
[SourceQuality "1"]
[TimeControl "40/5400+30:1800+30"]

1. Nf3 c5 2. c4 Nc6 3. Nc3 Nf6 4. d4 cxd4 5. Nxd4 e6 6. g3 Qb6 7. Ndb5 Bc5 8. Nd6+ Ke7 9. Nde4 Nxe4 10. Nxe4 Bb4+ 11. Bd2 d5 12. cxd5 exd5 13. Nc3 Rd8 14. Bg2 Be6 15. O-O Kf8 16. Qc2 Kg8 17. a3 Nd4 18. Qd1 Bxc3 19. bxc3 Nb3 20. Rb1 d4 21. Qc2 Qb5 22. Rfe1 Rac8 23. Qb2 Qa4 24. cxd4 Nxd2 25. Qxd2 Rxd4 26. Qe3 b6 27. h4 Rdc4 28. Rbc1 Qa5 29. Red1 b5 30. Bb7 Rxc1 31. Rxc1 Rxc1+ 32. Qxc1 Qb6 33. Bd5 g6 34. Bxe6 Qxe6 35. Qc5 a6 36. e3 Qc4 37. Qe7 Qc1+ 38. Kg2 Qc3 39. h5 Qc6+ 40. e4 Qe6 41. Qd8+ Kg7 42. Qd4+ Kh6 43. hxg6 Kxg6 44. f4 f5 45. e5 Qc6+ 46. Kf2 a5 47. Qd8 Kf7 48. Qxa5 Qc2+ 49. Ke3 Qe4+ 50. Kd2 Qd4+ 51. Kc2 Qf2+ 52. Qd2 Kg8 1-0

[Event "Warsaw Chess Open-B 2022"]
[Site "Warsaw"]
[Date "2022.07.19"]
[Round "2.8"]
[White "Levytskyy, Lybomyr"]
[Black "Kaminski, Jan"]
[Result "0-1"]
[ECO "B99"]
[WhiteElo "1529"]
[BlackElo "1870"]
[Annotator "NA RC COMBH"]
[PlyCount "72"]
[EventDate "2022.07.18"]
[EventType "swiss"]
[EventCountry "POL"]
[SourceTitle "playchess.com"]
[Source "ChessBase"]
[SourceQuality "1"]
[TimeControl "40/5400+30:1800+30"]

1. e4 c5 2. Nf3 d6 3. d4 cxd4 4. Nxd4 Nf6 5. Nc3 a6 6. Bg5 e6 7. f4 Be7 8. Qf3 Qc7 9. O-O-O Nbd7 10. g4 h6 11. Bxf6 Bxf6 12. h4 Nb6 13. g5 Bxd4 14. Rxd4 Qc5 15. Qd1 hxg5 16. Rxd6 Nd7 17. Rh3 Rxh4 18. Rxh4 gxh4 19. f5 Ke7 20. Rd4 Nb6 21. Bh3 Bd7 22. fxe6 fxe6 23. Qg1 Rg8 24. Nd5+ exd5 25. Bxd7 Nxd7 26. Qg5+ Nf6 27. Rxd5 Qc4 28. b3 Qc6 29. Rc5 Qd6 30. b4 Qg3 31. Qf5 Rd8 32. Re5+ Kf8 33. Qe6 Qe1+ 34. Kb2 Qxb4+ 35. Kc1 Qa3+ 36. Kb1 Rd1# 0-1

[Event "Warsaw Chess Open-B 2022"]
[Site "Warsaw"]
[Date "2022.07.20"]
[Round "3.1"]
[White "Kaczmarska, Joanna"]
[Black "Pawicka, Magdalena"]
[Result "0-1"]
[ECO "E32"]
[WhiteElo "1965"]
[BlackElo "1781"]
[Annotator "TA"]
[PlyCount "86"]
[EventDate "2022.07.18"]
[EventType "swiss"]
[EventCountry "POL"]
[SourceTitle "playchess.com"]
[Source "ChessBase"]
[SourceQuality "1"]
[TimeControl "40/5400+30:1800+30"]

1. d4 Nf6 2. c4 e6 3. Nc3 Bb4 4. Qc2 O-O 5. Bg5 c5 6. d5 {[%emt 0:06:19] E32: Nimzo-Indian: Classical (4 Qc2): 4...0-0.} (6. dxc5 $14 h6 7. Bf4) 6... exd5 7. cxd5 h6 8. Bxf6 {[%emt 0:00:25] The position is equal.} Qxf6 ({But not} 8... gxf6 9. e3 $16) 9. e4 d6 {[%emt 0:02:15] [#]} 10. g3 $146 (10. Nf3 $11) ({Predecessor:} 10. Nge2 Nd7 11. Ng3 Ne5 12. Be2 Ng4 13. O-O Qh4 14. h3 Ne3 15. fxe3 Qxg3 16. Rf3 {0-1 (41) Durac,E (1479)-Soltanici,R (2403) Bicaz 2020}) 10... Re8 11. Bg2 Nd7 12. f4 {Inhibits Ne5.} ({Better is} 12. Nf3 $15) 12... Nb6 {[%emt 0:07:52] White must now prevent ...Nc4.} 13. Nge2 {[%emt 0:17:24] [#]} Nc4 (13... Nxd5 $1 $17 {[%mdl 512] Strongly threatening ...Ne3.} 14. exd5 (14. Qd3 Nxc3) 14... Bf5) 14. Qc1 {[%emt 0:02:43] [#]} ({White should try} 14. Kf2 $15) 14... Bg4 $1 $17 {[%emt 0:01:28] 0x0.0013ba3e01abdp-1022s more active pieces.} 15. O-O Bxe2 16. Nxe2 Nd2 ({Don't do} 16... Nxb2 17. e5 Nd3 18. exf6 $16) 17. Rd1 Nxe4 18. a3 Ba5 19. Qc4 (19. Qc2 $142 Qg6 20. Rac1) 19... Qe7 20. Qb5 $2 (20. Qxe4 Qxe4 21. Bxe4 Rxe4 22. Nc3 Bxc3 23. bxc3) 20... Bb6 $19 21. Qc4 Nd2 22. Rxd2 (22. Qc2 {was forced.} c4+ 23. Kh1) 22... Qe3+ 23. Kf1 Qxd2 24. Be4 Qxb2 25. Rb1 Qxa3 26. Nc3 Rad8 27. Kf2 Qa6 28. Nb5 {[%emt 0:00:23] [#]} Rxe4 $1 29. Qxe4 Qa2+ 30. Kg1 c4+ 31. Kh1 Bc5 32. Nc3 Qf2 {[%emt 0:00:29][%cal Ob7b5] ...b5! is the strong threat.} 33. Rd1 a6 34. Na4 b5 35. Nxc5 Qxc5 {[%emt 0:00:21][%mdl 4096] Endgame KQR-KQR} 36. f5 c3 {[%emt 0:01:01][%cal Bc4c3,Bc3c2][%mdl 32] And now ...b4 would win.} 37. f6 c2 38. Rc1 Rc8 {[%emt 0:00:17] aiming for ...b4.} 39. Qg4 g6 {[%emt 0:01:26] ( -> ...b4)} 40. Qh3 Qxd5+ {[%emt 0:00:58] Black mates.} 41. Kg1 Qd1+ 42. Kg2 Qd2+ 43. Kf3 Rc3+ {[%emt 0:00:06] Weighted Error Value: White=0.61/Black=0.19 (very precise)} 0-1

[Event "Warsaw Chess Open-B 2022"]
[Site "Warsaw"]
[Date "2022.07.20"]
[Round "3.2"]
[White "Kowalczyk, Adam"]
[Black "Kuczewski, Filip"]
[Result "1-0"]
[ECO "B51"]
[WhiteElo "1944"]
[BlackElo "1694"]
[Annotator "TA"]
[PlyCount "161"]
[EventDate "2022.07.18"]
[EventType "swiss"]
[EventCountry "POL"]
[SourceTitle "playchess.com"]
[Source "ChessBase"]
[SourceQuality "1"]
[TimeControl "40/5400+30:1800+30"]

1. e4 c5 2. Nf3 d6 3. Bb5+ Nd7 4. a4 e5 {[%emt 0:12:01] [#]} 5. c3 $146 ({Predecessor:} 5. O-O Be7 6. Nc3 Ngf6 7. d3 O-O 8. a5 Nb8 9. Ne2 a6 10. Bc4 Nc6 11. Bd2 Bg4 12. Ng3 {½-½ (43) Mammadova,G (2357)-Petrenko,S (2136) Riga 2017}) 5... Ngf6 6. d4 {[%emt 0:03:16] B51: Sicilian: Moscow Variation (3 Bb5+) without 3...Bd7.} exd4 7. cxd4 Nxe4 8. O-O {[%emt 0:00:14] White is slightly better.} Be7 9. Re1 d5 10. dxc5 Nexc5 (10... O-O $11 {remains equal.}) 11. Bg5 ({Much less strong is} 11. Qxd5 $6 O-O $14) (11. Nc3 $142 $1 Ne6 12. Nxd5) 11... Ne6 $16 12. Bxe7 Qxe7 13. Nc3 O-O 14. Nxd5 Qd8 15. Rc1 {[%emt 0:00:19][%cal Oc1c8] Threatens to win with Rxc8! White is much more active. The black rooks are badly placed.} Nf6 16. Bc4 Nxd5 17. Bxd5 Nf4 18. Be4 Qxd1 19. Rcxd1 Rb8 20. Nd4 a6 21. Nb3 b5 (21... g6 $11) 22. a5 $1 b4 23. Bc6 (23. Rd6 $16) 23... Be6 $14 24. Nd4 {[%emt 0:03:51] And now g3 would win.} Bc4 ({Better is} 24... Rfd8 $14) 25. b3 $1 $16 Bd5 26. Bxd5 (26. g3 $142 Rfc8 27. Bxd5 Nxd5 28. Nf5) 26... Nxd5 27. Nc6 Rbc8 28. Rxd5 {[%emt 0:02:40] Strongly threatening Ne7+.} Rxc6 $14 {[%emt 0:00:02][%mdl 4096] Endgame KRR-KRR} 29. Rd4 Rc5 30. Rxb4 Rxa5 31. g3 g6 32. Re7 h5 33. Ra7 Kg7 34. Rb6 Re8 35. Raxa6 Rxa6 36. Rxa6 $11 {[%emt 0:00:02] KR-KR} Rb8 {[%emt 0:00:02] Inhibits Rb6.} 37. Ra3 Kf6 38. h4 g5 $2 {[%emt 0:00:28][%mdl 8192] Black is now going downhill.} (38... Kf5 $11) 39. Ra6+ $18 Kg7 40. hxg5 Rxb3 $2 (40... Rb4 41. f4 h4) 41. Rh6 Rb5 42. f4 Rb2 43. Rxh5 Kg6 44. Rh2 Rb1+ 45. Kg2 Kf5 46. Rh1 Rb2+ {[%emt 0:00:06] [#]} 47. Kh3 $1 Rb8 48. Re1 Rh8+ 49. Kg2 Kg4 50. Rh1 Ra8 51. Rh4+ Kf5 52. Rh7 Kg6 53. Rh6+ Kg7 54. Kf3 Ra3+ 55. Kg4 Ra4 56. Rb6 Rc4 57. Rb8 Ra4 58. Re8 Rb4 59. Ra8 Rc4 60. Kh5 {[%emt 0:00:14] White threatens f5 and mate.} Rc3 {[%emt 0:01:05] [#]} 61. Kh4 $1 Rc4 62. Re8 Ra4 63. Kg4 Rb4 $1 64. Kf5 (64. Kf3 $142 Rb5 65. g4) 64... Rb5+ 65. Re5 Rb3 66. g4 (66. Kg4 $142 Rb4 67. Rc5) 66... Rb4 67. Rc5 $2 (67. Re3 {Black must now prevent Rc3.} Rb6 68. Ke4) 67... Ra4 $2 (67... Rb3 68. Ra5 Rg3) 68. Ke5 Rb4 69. Rd5 Ra4 70. Rd4 Ra5+ 71. Ke4 Ra1 72. f5 Ra3 73. Kd5 Ra5+ 74. Kd6 Ra6+ 75. Ke7 {[%emt 0:00:12] Hoping for Rd8.} Ra7+ 76. Rd7 Ra4 77. g6 {[%emt 0:00:17] White mates.} Rxg4 78. Kd8 Rxg6 79. fxg6 Kxg6 80. Ke7 f5 81. Ke6 {[%emt 0:00:07] Weighted Error Value: White=0.22 (precise) /Black=0.39} 1-0